 Dungeon Crawl Stone Soup version 0.28-a0-1152-g9c71ebef14 (webtiles) character file.

Game seed: 13036782316323723530

74 ytrimaz the Insei (level 4, -1/29 HPs)
             Began as an Octopode Transmuter on Dec 14, 2021.
             Slain by a goblin (3 damage)
             ... led by Robin
             ... on level 3 of the Dungeon.
             The game lasted 00:03:10 (3490 turns).

ytrimaz the Insei (Octopode Transmuter)             Turns: 3490, Time: 00:03:11

Health: -1/29      AC:  1    Str:  9    XL:     4   Next: 30%
Magic:  3/7        EV: 13    Int: 17    God:
Gold:   144        SH:  0    Dex: 12    Spells: 1/7 levels left

rFire   . . .      SeeInvis .     - Unarmed
rCold   . . .      Faith    .   (no shield)
rNeg    . . .      Spirit   .   (helmet restricted)
rPois   .          Reflect  .   (no amulet)
rElec   .          Harm     .   (no ring)
rCorr   .          Rampage  .   (no ring)
Will    .....                   (no ring)
Stlth   ++........              (no ring)
HPRegen 0.09/turn               (no ring)
MPRegen 0.10/turn               (no ring)
                                (no ring)
                                (no ring)

@: wereblooded, flying
A: almost no armour, amphibious, 8 rings, camouflage 1, gelatinous body 1,
(nimble swimmer 1), tentacles
a: no special abilities


You were on level 3 of the Dungeon.
You visited 1 branch of the dungeon, and saw 3 of its levels.

You collected 144 gold pieces.

Inventory:

Wands
 d - a wand of paralysis (9)
Scrolls
 e - a scroll of brand weapon
Potions
 b - a potion of flight
 c - a potion of lignification {unknown}
 f - a potion of resistance {unknown}
 g - a potion of degeneration {unknown}


   Skills:
 * Level 1.6 Fighting
 - Level 2.0 Dodging
 + Level 3.7 Unarmed Combat
 * Level 2.4 Spellcasting
 * Level 3.0 Transmutations


You had one spell level left.
You knew the following spells:

 Your Spells              Type           Power      Damage    Failure   Level
a - Beastly Appendage     Tmut           24%        N/A       5%          1
b - Wereblood             Tmut           12%        N/A       9%          2
c - Spider Form           Tmut/Pois      7%         N/A       30%         3

Your spell library contained the following spells:

 Spells                   Type           Power      Damage    Failure   Level
 Ice Form                 Ice/Tmut       7%         N/A       69%         4


Dungeon Overview and Level Annotations

Branches:
Dungeon (3/15)

Altars:
Cheibriados
Okawaru
Trog
Zin

Shops:
D:1 :

Annotations:
D:2 Sigmund
D:3 Robin


Innate Abilities, Weirdness & Mutations

You cannot wear most types of armour.
You are amphibious.
You can wear up to eight rings at the same time.
Your skin changes colour to match your surroundings (Stealth+).
Your rubbery body absorbs attacks. (AC +1, EV +1)
((You are camouflaged near water. (Stealth+)))
You have tentacles for arms and can constrict up to eight enemies at once.


Message History

The goblin hits you but does no damage. The endoplasm misses you.
Robin barely misses you.
A goblin comes into view. It is wielding a +0 club.
The goblin hits you with a +0 club. The hobgoblin completely misses you.
Robin throws the goblin at you! The endoplasm completely misses you.
The goblin shouts!
There is an open door, spattered with blood here.
Items here: )) †††.
You barely miss Robin. The goblin hits you with a +0 club.
The hobgoblin closely misses you. The goblin completely misses you.
Robin hits you but does no damage. The endoplasm closely misses you.
You bite Robin!
Robin is heavily wounded.
The goblin no longer looks unusually strong.
The goblin hits you with a +0 club. The goblin closely misses you.
The hobgoblin completely misses you.
Unknown command.
You bite the hobgoblin!
You feel a bit better.
You kill the hobgoblin!
The goblin no longer looks unusually strong.
Robin roars a battlecry!
The goblins go into a battle-frenzy!
The endoplasm hits you. The goblin closely misses you.
Unknown command.
Your transformation has ended.
Robin closely misses you. The goblin completely misses you.
The goblin misses you.
Things that are here:
a +0 dagger; a +0 dagger; a hobgoblin corpse You are too injured to fight recklessly!
Unknown command.
You hear a shout!
Robin throws the goblin at you! The goblin hits you with a +0 club.
* * * LOW HITPOINT WARNING * * *
You barely miss the goblin. Your grab misses the goblin.
Robin roars a battlecry!
The goblin hits you with a +0 club.
* * * LOW HITPOINT WARNING * * *
The goblin hits you with a +0 club.
You die...

#...#...#........... ..
#.._#_..#⌠...#......
..# ###
##########.....#
..⌠#.._#_..#⌠...'.....'
#.#...#...#.####.....#
#... .#.....# ##.....
#..#####...# #.....
#..g⌠#o.)..# #.....
#...@gJ....# #.....
#.##.##g...# #.....
#.......# #.....
#..####.# #..... #..#
## #..... .>.. ......
###.# ...... .# #####


You could see Robin, an orc, an endoplasm and 2 goblins.

Vanquished Creatures
  2 adders
  A worm (D:2)
  A dart slug (D:2)
  An orc (D:3)
  7 ball pythons
  3 endoplasms
  A giant cockroach (D:1)
  6 hobgoblins
  3 kobolds
  2 quokkas
  7 bats
  5 frilled lizards
  8 goblins
  4 rats
51 creatures vanquished.

Notes
Turn   | Place    | Note
-------+----------+-------------------------------------------
     0 | D:1      | ytrimaz the Octopode Transmuter began the quest for the
                  | Orb.
     0 | D:1      | Reached XP level 1. HP: 13/13 MP: 3/3
   533 | D:1      | Reached XP level 2. HP: 18/18 MP: 3/5
   653 | D:1      | Learned a level 2 spell: Wereblood
   759 | D:1      | Found Dadijyta's Book Shoppe.
  1460 | D:2      | Reached XP level 3. HP: 21/23 MP: 6/6
  1468 | D:2      | Learned a level 3 spell: Spider Form
  1831 | D:2      | Noticed Sigmund
  3288 | D:3      | Reached XP level 4. HP: 28/28 MP: 5/7
  3409 | D:3      | Found a snail-covered altar of Cheibriados.
  3409 | D:3      | Found an iron altar of Okawaru.
  3411 | D:3      | Found a glowing silver altar of Zin.
  3466 | D:3      | Found a bloodstained altar of Trog.
  3469 | D:3      | Noticed Robin
  3490 | D:3      | Slain by a goblin

Illustrated notes

Levels and vault maps discovered:
D:1:      nicolae_arrival_somewhat_less_tricky_arrival, layout_rooms,
          serial_shops, nicolae_shop_waterfront
D:2:      layout_loops_corners, dk_noncrumbling_3, uniq_sigmund
D:3:      layout_basic, nicolae_overflow_quartered_altars,
          hellmonk_ghost_happy_afterlife, serial_shops,
          nicolae_shop_bloodbath_and_beyond,
          hellmonk_ecumenical_altar_leap_of_faith, minmay_distorted, uniq_robin

Skill      XL: |  1  2  3  4 |
---------------+-------------+-----
Transmutations | 3 |  3.0
Fighting       | |  1.6
Dodging        | |  2.0
Unarmed Combat | |  3.7
Spellcasting   | |  2.4

Action                   |  1- 3 |  4- 6 || total
-------------------------+-------+-------++-------
Melee: Unarmed           |    96 |    29 ||   125
       Constrict         |    17 |     4 ||    21
       Tentacles         |    16 |     4 ||    20
       Kick              |    16 |       ||    16
       Punch             |     2 |     1 ||     3
 Cast: Beastly Appendage |    19 |       ||    19
       Spider Form       |     1 |     1 ||     2
       Wereblood         |       |     1 ||     1
  Use: Scroll            |     4 |       ||     4
       Potion            |     1 |     2 ||     3
 Stab: Sleeping          |     7 |     1 ||     8
Armor: Skin              |     5 |     6 ||    11
Dodge: Dodged            |    85 |    54 ||   139

Table legend: (Time is in decaauts)
 A = Elapsed time spent in this place.
 B = Non-inter-level travel time spent in this place.
 C = Inter-level travel time spent in this place.
 D = Time resting spent in this place.
 E = Time spent auto-exploring this place.
 F = Levels seen in this place.
 G = Mean time per level.
                   A        B        C        D        E       F      G
               +--------+--------+--------+--------+--------+-----+--------+
         Total |   3481 |   3426 |     55 |    417 |   2606 |   3 | 1160.3 |
       Dungeon |   3481 |   3426 |     55 |    417 |   2606 |   3 | 1160.3 |
               +--------+--------+--------+--------+--------+-----+--------+

Top non-repeatable levels by time:
     D:2: 1759 daAuts
     D:1: 1377 daAuts
     D:3: 345 daAuts
